 Dungeon Crawl Stone Soup version 0.28.0 (webtiles) character file.

Game seed: 8817386564357463315

4090 egresovca the Cudgeller (level 10, -7/109 HPs)
             Began as a Demonspawn Hedge Wizard on Feb 10, 2022.
             Was a Follower of Vehumet.
             Mangled by an orc knight (18 damage)
             ... in a bailey.
             The game lasted 00:17:05 (9103 turns).

egresovca the Cudgeller (Demonspawn Hedge Wizard)   Turns: 9103, Time: 00:17:06

Health: -7/109     AC: 25    Str: 16    XL:     10   Next: 5%
Magic:  14/16      EV:  2    Int: 26    God:    Vehumet [*.....]
Gold:   253        SH:  0    Dex: 13    Spells: 11/18 levels left

rFire   . . .      SeeInvis .   m - +10 whip of Wealth {speed, rC++ Str+6}
rCold   + + .      Faith    .   (no shield)
rNeg    . . .      Spirit   .   (armour currently unavailable)
rPois   +          Reflect  .   (helmet unavailable)
rElec   .          Harm     .   (cloak currently unavailable)
rCorr   .          Rampage  .   (gloves currently unavailable)
Will    .....      NoTele   +   (boots currently unavailable)
Stlth   ++........              (no amulet)
HPRegen 0.28/turn               h - +6 ring of intelligence
MPRegen 0.15/turn               r - ring of willpower

@: mighty, brilliant, tree-form, weak-willed, hasted, very quick
A: stationary, stasis, torment immunity, boosted hp, (antennae 3), foul stench
1, powered by pain 1, (sharp scales 1)
a: Renounce Religion


You were in a bailey.
You worshipped Vehumet.
Vehumet was aware of your devotion.
You were a tree.
You visited 2 branches of the dungeon, and saw 8 of its levels.
You also visited: Bailey.

You collected 253 gold pieces.

Inventory:

Hand Weapons
 a - a +0 dagger
 m - the +10 whip of Wealth (weapon) {speed, rC++ Str+6}
   (You found it on level 2 of the Dungeon)

   Attacks with this weapon are significantly faster.
   Str:       It affects your strength (+6).
   rC:        It greatly protects you from cold.
Armour
 c - a +0 hat
 f - a +0 leather armour
 B - a +0 ring mail (melded)
 C - a +2 plate armour of cold resistance
Jewellery
 b - the ring of Juako {Fly rF+ rC+ AC+4}
   (You acquired it in a bailey)

   [ring of protection]

   AC:        It affects your AC (+4).
   rF:        It protects you from fire.
   rC:        It protects you from cold.
   Fly:       It grants you flight.
 h - a +6 ring of intelligence (left branch)
 p - a +6 ring of dexterity
 r - a ring of willpower (right branch)
 t - a ring of see invisible
 y - a ring of protection from fire
Wands
 u - a wand of digging (4)
 v - a wand of flame (11)
Scrolls
 g - 3 scrolls of enchant armour {unknown}
 i - a scroll of amnesia {unknown}
 k - 3 scrolls of enchant weapon {unknown}
 n - 4 scrolls of teleportation {unknown}
 o - a scroll of fog {unknown}
 q - 2 scrolls of brand weapon {unknown}
 w - 3 scrolls of identify {unknown}
 A - 2 scrolls of immolation {unknown}
Potions
 d - a potion of lignification
 j - 3 potions of brilliance


   Skills:
 + Level 4.6 Fighting
 * Level 7.6 Maces & Flails
 + Level 4.1 Armour
 + Level 4.7 Dodging
 - Level 1.7 Stealth
 - Level 4.6 Spellcasting
 - Level 4.2 Conjurations
 - Level 1.0 Summonings
 - Level 0.8 Translocations
 - Level 2.8 Fire Magic
 - Level 2.8 Air Magic
 - Level 3.3 Poison Magic


You had 11 spell levels left.
You knew the following spells:

 Your Spells              Type           Power      Damage    Failure   Level
a - Magic Dart            Conj           100%       1d8       1%          1
c - Mephitic Cloud        Conj/Pois/Air  36%        N/A       6%          3
v - Conjure Flame         Conj/Fire      36%        6-21      5%          3

Your spell library contained the following spells:

 Spells                   Type           Power      Damage    Failure   Level
 Shock                    Conj/Air       100%       1d9       1%          1
 Apportation              Tloc           30%        N/A       5%          1
 Slow                     Hex            32%        N/A       9%          1
 Blink                    Tloc           30%        N/A       9%          2
 Call Imp                 Summ           16%        N/A       9%          2
 Petrify                  Tmut/Erth      8%         N/A       63%         4
 Alistair's Intoxication  Tmut/Pois      14%        N/A       75%         5
 Metabolic Englaciation   Hex/Ice        4%         N/A       92%         5
 Statue Form              Tmut/Erth      5%         N/A       100%        6


Dungeon Overview and Level Annotations

Branches:
Dungeon (7/15)             Temple (1/1) D:6          Bailey (1/1)

Altars:
Ashenzari
Cheibriados
Dithmenos
Elyvilon
Fedhas
Hepliaklqana
Kikubaaqudgha
Makhleb
Nemelex Xobeh
Okawaru
Qazlal
Ru
Sif Muna
Trog
Uskayaw
Vehumet
Wu Jian
Xom
Yredelemnul
Zin
The Shining One

Shops:
D:5 (

Annotations:
D:5 exclusion: downstairs
D:6 2 transporters, exclusion: downstairs, SnakkuSnakku7's ghost, novice DjGl


Innate Abilities, Weirdness & Mutations

You are a tree.
Your roots penetrate the ground, keeping you stationary.
You cannot be teleported.
You are immune to unholy pain and torment.
Your maximum health is greatly increased.
Your equipment is partially melded.
((You have a pair of large antennae on your head. (SInv)))
You may rarely emit foul miasma when damaged in melee.
You sometimes gain a little power by taking damage.
((You are partially covered in razor-sharp scales. (AC +1, Slay +1)))


Message History

The orc warrior is engulfed in noxious fumes.
The orc warrior appears confused.
The orc warrior laughs crazily.
The orc knight barely misses you.
Unknown command.
Unknown command.
Unknown command.
It was a potion of curing.
You feel better.
The orc knight hits you from afar with a +0 halberd!
* * * LOW HITPOINT WARNING * * *
You focus on the pain.
You feel mightier all of a sudden.
Unknown command.
Unknown command.
Unknown command.
Unknown command.
It was a potion of haste.
You feel yourself speed up.
The orc knight hits you from afar with a +0 halberd.
* * * LOW HITPOINT WARNING * * *
Unknown command.
Unknown command.
Unknown command.
It was a potion of magic.
Magic courses through your body.
The orc knight hits you but does no damage.
Unknown command.
Unknown command.
Unknown command.
Casting: Mephitic Cloud (mildly dangerous; 6% risk of failure)
Confirm with . or Enter, or press ? or * to list all spells.
Aiming: Mephitic Cloud (mildly dangerous; 6% risk of failure)
Press: ? - help, Shift-Dir - straight line, f/p - orc knight
Aim: an orc knight, wielding a +0 halberd and wearing a +0 chain mail (lightly wounded, weak-willed, chance to affect: 58%)
You feel a surge of power!
The ball explodes into a vile cloud!
The stinking cloud engulfs the orc knight but does no damage.
The orc knight is lightly wounded.
You hear a shout!
Unknown command.
The orc knight is engulfed in noxious fumes.
The orc knight hits you from afar with a +0 halberd!!
You die...

##.........## ##∩∩#
##..≈≈≈≈≈≈≈..## #..##
#..≈≈.....≈≈..## ##))#
..≈≈..###..≈≈..######.)##
.≈≈..## ##..≈≈......)...#
≈≈..##[.[##..≈≈≈≈≈≈≈≈)≈.#
...##.... ##..........≈.#
#######'#############.≈.#
.##........§##.$♣$.##.≈.#
'#..≈≈≈.≈§§..##☼☼☼##..≈.#
#..≈≈...§§§§§.##o##..≈≈.#
..≈≈...⌠..§§§..#☼#..≈≈.∩#
......⌠∩⌠.o..o.#o#..≈{.##
#..≈≈.....§§..##.##..≈≈.#
##..≈≈≈≈≈≈§..#'...##..≈.#
##.....§§§.##.....##.≈.#
###'###'#############.≈.#


You could see an orc knight (weak-willed) and an orc warrior (strong, confused,
weak-willed).

Vanquished Creatures
  2 orc knights (Bailey)
  Pikel (D:6)
  Grinder (D:3)
  6 yaks (D:5)
  A water moccasin (D:6)
  Duvessa (D:6)
  2 orc warriors
  A necrophage (D:4)
  An ogre (D:6)
  3 phantoms
  A lemure (D:6)
  A kobold brigand (D:6)
  3 scorpions (D:5)
  A wyvern skeleton (D:6)
  Dowan (D:6)
  A bullfrog zombie (D:5)
  An orc priest (D:6)
  4 hounds
  A bullfrog skeleton (D:4)
  2 iguanas (D:6)
  A hound zombie (D:5)
  2 hound skeletons
  5 gnolls
  5 adders
  A white imp (D:6)
  3 dart slugs
  A worm (D:2)
  27 orcs
  8 ball pythons
  3 endoplasms
  4 giant cockroaches
  7 goblins
  9 hobgoblins
  8 jackals
  5 quokkas
  6 bats
  5 frilled lizards
  11 kobolds
  7 rats
153 creatures vanquished.

Notes
Turn   | Place    | Note
-------+----------+-------------------------------------------
     0 | D:1      | egresovca the Demonspawn Hedge Wizard began the quest for
                  | the Orb.
     0 | D:1      | Reached XP level 1. HP: 13/13 MP: 4/4
   418 | D:1      | Gained mutation: You sometimes gain a little power by
                  | taking damage. [demonic ancestry]
   418 | D:1      | Reached XP level 2. HP: 19/19 MP: 3/6
  1388 | D:1      | Found a faded altar of an unknown god.
  1400 | D:1      | Reached XP level 3. HP: 24/24 MP: 4/7
  1404 | D:1      | Learned a level 3 spell: Mephitic Cloud
  1408 | D:1      | Learned a level 3 spell: Conjure Flame
  2229 | D:2      | Identified the +10 whip of Wealth {speed, rC++ Str+6}
  3000 | D:3      | Reached XP level 4. HP: 30/30 MP: 5/9
  3257 | D:3      | Noticed Grinder
  3271 | D:3      | Killed Grinder
  3272 | D:3      | Reached skill level 2 in Maces & Flails
  3272 | D:3      | Reached skill level 1 in Fire Magic
  3272 | D:3      | Reached skill level 1 in Air Magic
  3272 | D:3      | Reached skill level 1 in Poison Magic
  3272 | D:3      | Gained mutation: You have a pair of small antennae on your
                  | head. [demonic ancestry]
  3272 | D:3      | Reached XP level 5. HP: 11/35 MP: 10/10
  3272 | D:3      | Gained mutation: You have a pair of antennae on your head.
                  | [demonic ancestry]
  3272 | D:3      | Reached XP level 6. HP: 13/41 MP: 11/11
  4364 | D:4      | Reached skill level 3 in Maces & Flails
  4364 | D:4      | Gained mutation: You may rarely emit foul miasma when
                  | damaged in melee. [demonic ancestry]
  4364 | D:4      | Reached XP level 7. HP: 44/46 MP: 9/13
  5325 | D:5      | Entered Level 5 of the Dungeon
  5412 | D:5      | Noticed a yak
  5412 | D:5      | Noticed a yak
  5412 | D:5      | Noticed a yak
  5412 | D:5      | Noticed a yak
  5412 | D:5      | Noticed a yak
  5412 | D:5      | Noticed a yak
  5419 | D:5      | Killed a yak
  5424 | D:5      | Killed a yak
  5428 | D:5      | Killed a yak
  5429 | D:5      | Reached skill level 4 in Maces & Flails
  5429 | D:5      | Gained mutation: You are partially covered in razor-sharp
                  | scales. (AC +1, Slay +1) [demonic ancestry]
  5429 | D:5      | Reached XP level 8. HP: 45/52 MP: 2/14
  5831 | D:5      | Reached skill level 1 in Fighting
  5831 | D:5      | Reached skill level 1 in Armour
  6032 | D:5      | Found Xatujuiff's Antique Weapon Boutique.
  6117 | D:5      | Reached skill level 5 in Maces & Flails
  6629 | D:5      | Found a shadowy altar of Dithmenos.
  6847 | D:6      | Gained mutation: You have a pair of large antennae on your
                  | head. (SInv) [demonic ancestry]
  6847 | D:6      | Reached XP level 9. HP: 62/62 MP: 9/15
  6865 | D:6      | Identified the +3 dire flail of Modesty {flame, +Blink
                  | Int+2}
  6865 | D:6      | Noticed SnakkuSnakku7's ghost (novice DjGl)
  6882 | D:6      | Noticed Duvessa
  6897 | D:6      | Noticed Pikel
  6900 | D:6      | Killed Duvessa
  6901 | D:6      | Reached skill level 6 in Maces & Flails
  7113 | D:6      | Killed Pikel
  7256 | D:6      | Noticed Dowan
  7269 | D:6      | Killed Dowan
  7428 | D:6      | Found a staircase to the Ecumenical Temple.
  7538 | Temple   | Entered the Ecumenical Temple
  7997 | Temple   | Became a worshipper of Vehumet
  8092 | D:6      | Found a transporter.
  8099 | D:6      | Found a transporter.
  8494 | D:7      | Found a flagged portal.
  8514 | Bailey   | Entered a bailey
  8922 | Bailey   | Noticed an orc knight
  8935 | Bailey   | Noticed an orc knight
  9063 | Bailey   | Noticed an orc knight
  9066 | Bailey   | Killed an orc knight
  9067 | Bailey   | Reached skill level 7 in Maces & Flails
  9082 | Bailey   | Reached * piety under Vehumet
  9082 | Bailey   | Offered knowledge of Shock by Vehumet.
  9087 | Bailey   | Identified a scroll of acquirement
  9087 | Bailey   | Acquired the ring of Juako {Fly rF+ rC+ AC+4}
  9087 | Bailey   | Killed an orc knight
  9088 | Bailey   | Reached XP level 10. HP: 24/73 MP: 6/16
  9103 | Bailey   | Mangled by an orc knight

Illustrated notes

Levels and vault maps discovered:
D:1:      nagdon_arrival_zigzag_paths, layout_basic, basic_ecumenical_altar
D:2:      layout_loops_ring, basic_altar, minmay_pentomino_pile
D:3:      layout_basic, uniq_grinder
D:4:      layout_basic, nrook_loot_triangle
D:5:      layout_cave_pools, grunt_dithmenos_smoke, serial_shops,
          kennysheep_little_box
D:6:      nicolae_cairo_tiling_large_dashed, layout_rooms,
          minmay_temple_entry_trees, gammafunk_ghost_smash, uniq_pikel,
          uniq_duvessa
D:7:      layout_rooms, enter_bailey_4, uniq_prince_ribbit1
Temple:   mainiacjoe_temple_cubbyholes
Bailey:   bailey_polearm_1, bailey

Skill      XL: |  1  2  3  4  5  6  7  8  9 |
---------------+----------------------------+-----
Conjurations   | 2 3 4 |  4.2
Maces & Flails | 2 3 4 5 7 |  7.6
Fire Magic     | 1 2 |  2.8
Air Magic      | 1 2 |  2.8
Poison Magic   | 1 2 3 |  3.3
Spellcasting   | 4 |  4.6
Dodging        | 3 4 |  4.7
Fighting       | 2 4 |  4.6
Armour         | 2 4 |  4.1
Stealth        | |  1.7
Summonings     | |  1.0
Translocations | |  0.8

Action                   |  1- 3 |  4- 6 |  7- 9 | 10-12 || total
-------------------------+-------+-------+-------+-------++-------
Melee: Dagger            |    42 |       |       |       ||    42
       Whip              |    25 |    71 |   233 |       ||   329
       Punch             |       |       |     3 |       ||     3
 Cast: Magic Dart        |    80 |    10 |       |       ||    90
       Mephitic Cloud    |     2 |     5 |    37 |     2 ||    46
       Conjure Flame     |       |       |     7 |     1 ||     8
  Use: Scroll            |       |       |     1 |     1 ||     2
       Potion            |       |       |       |     6 ||     6
 Stab: Sleeping          |     2 |     1 |       |       ||     3
       Confused          |       |     1 |    13 |       ||    14
Armor: Robe              |    16 |     5 |     1 |       ||    22
       Leather armour    |       |       |    12 |       ||    12
       Ring mail         |       |       |     2 |       ||     2
       Skin              |       |       |       |     2 ||     2
Dodge: Dodged            |    39 |    36 |    93 |     2 ||   170
